 Dungeon Crawl Stone Soup version 0.28.0 (webtiles) character file.

Game seed: 2637111727687644981

11 Host24 the Bolt Thrower (level 2, 0/19 HPs)
             Began as a Kobold Hunter on Mar 5, 2022.
             Slain by a frilled lizard (2 damage)
             ... on level 1 of the Dungeon.
             The game lasted 00:00:40 (518 turns).

Host24 the Bolt Thrower (Kobold Hunter)              Turns: 518, Time: 00:00:41

Health: 0/19       AC:  3    Str:  9    XL:     2   Next: 40%
Magic:  2/2        EV: 14    Int: 12    God:
Gold:   14         SH:  0    Dex: 15    Spells: 1/1 levels left

rFire   . . .      SeeInvis .   a - +1 hand crossbow
rCold   . . .      Faith    .   (no shield)
rNeg    . . .      Spirit   .   c - +0 leather armour
rPois   .          Reflect  .   (no helmet)
rElec   .          Harm     .   (no cloak)
rCorr   .          Rampage  .   (no gloves)
Will    .....                   (no boots)
Stlth   +++.......              (no amulet)
HPRegen 0.06/turn               (no ring)
MPRegen 0.08/turn               (no ring)

@: no status effects
A: small, no large weapons, nightstalker 3
a: no special abilities


You were on level 1 of the Dungeon.
You visited 1 branch of the dungeon, and saw 1 of its levels.

You collected 14 gold pieces.

Inventory:

Hand Weapons
 a - a +1 hand crossbow (weapon)
 b - a +0 short sword
Missiles
 d - 18 bolts (quivered ammo)
 f - 27 stones
Armour
 c - a +0 leather armour (worn)
Scrolls
 e - a scroll of noise {unknown}


   Skills:
 - Level 3.0 Fighting
 - Level 5.0 Crossbows
 + Level 2.5 Dodging
 - Level 1.3 Stealth


You had one spell level left.
You didn't know any spells.
Your spell library was empty.

Dungeon Overview and Level Annotations

Branches:
Dungeon (1/15)

Altars:


Innate Abilities, Weirdness & Mutations

You are small and have problems with some larger weapons.
You are completely attuned to the shadows.


Message History

A frilled lizard comes into view.
The kobold hits you but does no damage.
You barely miss the kobold. The kobold misses you.
You barely miss the kobold.
The frilled lizard hisses angrily.
You punch the kobold, but do no damage.
You hear a shout!
The dart slug launches a dart at you. The slug dart hits you.
The kobold hits you but does no damage. The dart slug launches a dart at you.
The slug dart hits you.
You hit the kobold.
The kobold is moderately wounded.
The kobold hits you with a +0 dagger.
* * * LOW HITPOINT WARNING * * *
You hit the kobold.
The kobold is severely wounded.
The kobold hits you with a +0 dagger.
* * * LOW HITPOINT WARNING * * *
You closely miss the kobold.
The kobold is severely wounded.
The kobold hits you with a +0 dagger.
* * * LOW HITPOINT WARNING * * *
You hit the kobold.
You kill the kobold!
A kobold comes into view. It is wielding a +0 short sword.
a - a +1 hand crossbow (weapon)
Fire: 20 bolts
Press: ? - help, Q - select action, (/) - cycle Shift-Dir - straight line, f - frilled lizard
Aim: a frilled lizard (51% to hit)
You shoot a bolt.
The bolt closely misses the frilled lizard.
The frilled lizard misses you. The frilled lizard closely misses you.
Fire: 19 bolts
Press: ? - help, Q - select action, (/) - cycle Shift-Dir - straight line, f/p - frilled lizard
Aim: a frilled lizard (51% to hit)
You shoot a bolt.
The bolt closely misses the frilled lizard.
The frilled lizard bites you.
You die...

##.##### #........
#......# #........
#...##.# #........
#...##.# ####. ######.#
############# #.#
#..........## ###.#
#..........# #...#####
#....†...... #^....@.#
#...........
#...###l###...........
#.......Kw.)...........
##...###.###...$......#
#...###.#...........#
#............######.
#......##.#### .... #.#
#### #.#


You could see a dart slug, a kobold and a frilled lizard.

Vanquished Creatures
  2 bats (D:1)
  2 endoplasms (D:1)
  A giant cockroach (D:1)
  A hobgoblin (D:1)
  A kobold (D:1)
  A quokka (D:1)
  A frilled lizard (D:1)
9 creatures vanquished.

Notes
Turn   | Place    | Note
-------+----------+-------------------------------------------
     0 | D:1      | Host24 the Kobold Hunter began the quest for the Orb.
     0 | D:1      | Reached XP level 1. HP: 12/12 MP: 1/1
    57 | D:1      | Reached skill level 5 in Crossbows
   266 | D:1      | Reached XP level 2. HP: 14/18 MP: 2/2
   518 | D:1      | Slain by a frilled lizard

Illustrated notes

Levels and vault maps discovered:
D:1:      lightli_arrival_statuegarden, layout_basic

Skill      XL: |  1  2 |
---------------+-------+-----
Crossbows      | 5 |  5.0
Fighting       | 3 |  3.0
Dodging        | |  2.5
Stealth        | |  1.3

Action                   || total
-------------------------++-------
Melee: Short sword       ||    48
       Punch             ||     1
 Fire: Hand crossbow     ||     2
 Stab: Sleeping          ||     4
Armor: Leather armour    ||    15
Dodge: Dodged            ||    38
